 Dungeon Crawl Stone Soup version 0.29.1-15-g9cfb28693d (webtiles) character file.

Game seed: 6356545080278906253

245 leafyfresh the Covert (level 6, 0/44 HPs)
             Began as an Octopode Delver on Mar 4, 2023.
             Slain by a gnoll
             ... wielding a +0 club
             ... led by a gnoll bouda
              (7 damage)
             ... on level 3 of the Dungeon.
             The game lasted 00:01:59 (1196 turns).

leafyfresh the Covert (Octopode Delver)             Turns: 1196, Time: 00:02:00

Health: 0/44       AC:  1    Str: 11    XL:     6   Next: 10%
Magic:  6/6        EV: 14    Int: 15    God:
Gold:   20         SH:  0    Dex: 13    Spells: 5/5 levels left

rFire   . . .      SeeInvis .   a - +0 short sword
rCold   . . .      Faith    .   (no shield)
rNeg    . . .      Spirit   .   (helmet restricted)
rPois   .          Reflect  .   (no amulet)
rElec   .          Harm     .   (no ring)
rCorr   .          Rampage  .   (no ring)
Will    .....                   (no ring)
Stlth   +++++.....              (no ring)
HPRegen 0.14/turn               (no ring)
MPRegen 0.10/turn               (no ring)
                                (no ring)
                                (no ring)

@: no status effects
A: almost no armour, amphibious, 8 rings, camouflage 1, gelatinous body 1,
(nimble swimmer 1), tentacles
a: no special abilities


You were on level 3 of the Dungeon.
You visited 1 branch of the dungeon, and saw 3 of its levels.

You collected 20 gold pieces.

Inventory:

Hand Weapons
 a - a +0 short sword (weapon)
Missiles
 h - a javelin (quivered)
Wands
 f - a wand of digging (3)
 g - a wand of roots (10)
Scrolls
 b - a scroll of fog
 c - 2 scrolls of magic mapping
 i - a scroll of teleportation {unknown}
 j - a scroll of identify {unknown}
Potions
 e - a potion of haste


   Skills:
 + Level 4.5 Fighting
 - Level 2.0 Short Blades
 + Level 3.9 Dodging
 + Level 8.2 Stealth


You had 5 spell levels left.
You didn't know any spells.
Your spell library was empty.

Dungeon Overview and Level Annotations

Branches:
Dungeon (5/15)
 Temple: D:4-7

Altars:

Shops:
D:4 !([:

Annotations:
D:4 2 runed translucent doors
D:5 3 runed translucent doors, bnorton916's ghost, novice DEFE


Innate Abilities, Weirdness & Mutations

You cannot wear most types of armour.
You are amphibious.
You can wear up to eight rings at the same time.
Your skin changes colour to match your surroundings (Stealth+).
Your rubbery body absorbs attacks. (AC +1, EV +1)
((You are camouflaged when in or above water. (Stealth+)))
You have tentacles for arms and can constrict up to eight enemies at once.


Message History

* * * LOW HITPOINT WARNING * * *
There is a stone staircase leading up here.
The gnoll hits you with a +0 club!
* * * LOW HITPOINT WARNING * * *
The gnoll completely misses you. The gnoll misses you.
The gnoll closely misses you.
The gnoll bouda barks out a call to the hunt!
The gnoll picks up the pace!
You climb upwards.
Found a dark potion and 4 stones.
Found an escape hatch in the ceiling.
There is a stone staircase leading down here.
It was a potion of curing.
You feel better. The gnoll barely misses you.
The gnoll bouda gazes fiercely through you!
You feel as though you will be weak longer.
The gnoll bouda barely misses you.
Unknown command.
You hit the gnoll bouda. You grab the gnoll bouda.
The gnoll bouda is moderately wounded.
You constrict the gnoll bouda. The gnoll barely misses you.
The gnoll bouda barely misses you.
You hit the gnoll bouda but do no damage.
The gnoll bouda is moderately wounded.
You constrict the gnoll bouda. The gnoll hits you with a +0 club.
The gnoll bouda closely misses you.
You hit the gnoll bouda.
The gnoll bouda is heavily wounded.
You constrict the gnoll bouda. The gnoll hits you with a +0 club.
The gnoll bouda hits you with a +0 club!
* * * LOW HITPOINT WARNING * * *
You hit the gnoll bouda but do no damage.
You squeeze the gnoll bouda, but do no damage.
The gnoll bouda is heavily wounded.
You constrict the gnoll bouda, but do no damage.
The gnoll misses you. The gnoll bouda misses you.
You hit the gnoll bouda.
You squeeze the gnoll bouda, but do no damage.
The gnoll bouda is severely wounded.
Your attacks no longer feel as feeble.
You constrict the gnoll bouda. The gnoll hits you with a +0 club!
You die...

#..........#...
#..........#...
#..............
#.............
#...........#
#...........#
#......g....#
#......@...#
#.....!.g..#
#<.........#
#..(.......#
############


You could see a gnoll bouda and a gnoll (swift).

Vanquished Creatures
  An ogre (D:5)
  A necrophage (D:5)
  2 jellies (D:5)
  An iguana (D:5)
  An adder (D:4)
  An ufetubus (D:5)
  An orc (D:5)
  A quokka (D:5)
9 creatures vanquished.

Notes
Turn   | Place    | Note
-------+----------+-------------------------------------------
     0 | D:5      | leafyfresh the Octopode Delver began the quest for the Orb.
     0 | D:5      | Reached XP level 1. HP: 16/16 MP: 1/1
     6 | D:5      | Noticed a jelly
    19 | D:5      | Killed a jelly
    20 | D:5      | Reached skill level 7 in Stealth
    20 | D:5      | Reached XP level 2. HP: 21/21 MP: 2/2
    20 | D:5      | Reached XP level 3. HP: 26/26 MP: 3/3
    25 | D:5      | Noticed an ogre
    38 | D:5      | Killed an ogre
    39 | D:5      | Reached XP level 4. HP: 7/33 MP: 4/4
   418 | D:5      | HP: 1/33 [acid (8)]
   421 | D:5      | Reached XP level 5. HP: 2/37 MP: 5/5
   850 | D:5      | Found a runed translucent gate.
   851 | D:5      | Found a runed translucent gate.
   852 | D:5      | Found a runed translucent gate.
   854 | D:5      | Noticed bnorton916's ghost (novice DEFE)
   904 | D:5      | Reached skill level 8 in Stealth
   904 | D:5      | Reached XP level 6. HP: 27/44 MP: 6/6
  1121 | D:4      | Found Redgho Ygip's Book Emporium.
  1121 | D:4      | Found Zoxagaff's Antique Weapon Emporium.
  1121 | D:4      | Found Suycseh's Armour Emporium.
  1123 | D:4      | Found Bothrexei's Distillery.
  1182 | D:4      | Found a large runed translucent door.
  1186 | D:4      | Found a large runed translucent door.
  1186 | D:4      | Noticed a yak
  1196 | D:3      | Slain by a gnoll

Illustrated notes

Levels and vault maps discovered:
D:3:      layout_basic, hellmonk_ecumenical_altar_lost_god,
          chequers_serial_rivers_micro_d, uniq_terence
D:4:      layout_basic, minmay_temple_entry_nine_rooms,
          dreamdust_princess_bridge, minmay_shop_grid_forest,
          chequers_serial_rivers_small_b, minmay_hollow_rounded_squares
D:5:      layout_basic, mainiacjoe_overflow_concentric_impassable,
          gammafunk_ghost_necromancy

Skill      XL: |  1  2  3  4  5 |
---------------+----------------+-----
Stealth        | 7 8 |  8.2
Dodging        | 3 |  3.9
Fighting       | 4 |  4.5
Short Blades   | |  2.0

Action                   |  1- 3 |  4- 6 || total
-------------------------+-------+-------++-------
Melee: Short sword       |     4 |    28 ||    32
       Tentacles         |       |     6 ||     6
       Constrict         |       |     5 ||     5
Throw: Javelin           |     2 |     2 ||     4
  Use: Scroll            |       |     1 ||     1
       Potion            |       |     1 ||     1
 Stab: Sleeping          |     1 |     2 ||     3
       Fleeing           |       |     1 ||     1
Armor: Skin              |     1 |     2 ||     3
Dodge: Dodged            |     1 |    32 ||    33
